 Dungeon Crawl Stone Soup version 0.23-a0-644-gb60d84b (webtiles) character file.

3585 Borgoz the Nimble (level 10, -7/72 HPs)
             Began as a Halfling Assassin on Jan 2, 2019.
             Was a Believer of Dithmenos.
             Mangled by an orc warrior
             ... wielding a +0 trident
              (16 damage)
             ... on level 9 of the Dungeon.
             The game lasted 00:21:28 (8671 turns).

Borgoz the Nimble (Halfling Assassin)               Turns: 8671, Time: 00:21:29

Health: -7/72      AC:  6    Str: 14    XL:     10   Next: 31%
Magic:  10/10      EV: 28    Int:  9    God:    Dithmenos [**....]
Gold:   479        SH:  0    Dex: 23    Spells: 9/9 levels left

rFire    . . .     SeeInvis .   b - +0 blowgun
rCold    + . .     Gourm    .   (shield restricted)
rNeg     + . .     Faith    .   c - +1 robe
rPois    .         Spirit   .   i - +2 helmet
rElec    .         Reflect  .   w - scarf {repulsion}
rCorr    .         Harm     .   (no gloves)
MR       .....                  (no boots)
Stlth    +++++++...             (no amulet)
HPRegen  0.22/turn              o - ring of positive energy
MPRegen  0.12/turn              D - ring of protection from cold

@: agile, wreathed by umbra, repel missiles
A: small, mutation resistance 1
a: Shadow Step, Renounce Religion


You were on level 9 of the Dungeon.
You worshipped Dithmenos.
Dithmenos was pleased with you.
You were near starving.

You visited 2 branches of the dungeon, and saw 10 of its levels.

You collected 479 gold pieces.

Inventory:

Hand Weapons
 a - a +3 dagger of venom
 b - a +0 blowgun (weapon)
 B - a +2 short sword of protection
Missiles
 e - 36 poisoned needles (quivered)
 f - 2 curare-tipped needles
 F - 20 tomahawks
Armour
 c - a +1 robe (worn)
 i - a +2 helmet (worn)
 w - a scarf of repulsion (worn)
Jewellery
 o - a ring of positive energy (left hand)
 r - an uncursed ring of positive energy
 t - an uncursed ring of flight
 A - a +3 ring of intelligence
 D - a ring of protection from cold (right hand)
Wands
 p - a wand of digging (7)
 E - a wand of random effects (19)
 G - a wand of iceblast (6)
Scrolls
 d - 2 scrolls of random uselessness
 h - a scroll of immolation
 l - 3 scrolls of amnesia
 n - 7 scrolls of teleportation
 s - 2 scrolls of remove curse
 u - 3 scrolls of enchant armour
 C - 2 scrolls of identify
Potions
 j - a potion of might {unknown}
 m - 2 potions of magic {unknown}
 v - 3 potions of curing
 x - a potion of degeneration {unknown}
 z - 2 potions of cancellation {unknown}
Comestibles
 g - 10 rations


   Skills:
 * Level 7.7 Fighting
 + Level 7.2 Short Blades
 - Level 2.0 Throwing
 * Level 9.1 Dodging
 + Level 8.2 Stealth


You had 9 spell levels left.
You didn't know any spells.
Your spell library contained the following spells:

 Spells                   Type           Power        Failure   Level  Hunger
 Corona                   Hex            #......      38%         1    ##.....
 Flame Tongue             Conj/Fire      #....        38%         1    ##.....
 Ensorcelled Hibernation  Hex/Ice        #.....       52%         2    ###....
 Throw Flame              Conj/Fire      #.....       52%         2    ###....
 Confuse                  Hex            #.......     77%         3    ####...
 Conjure Flame            Conj/Fire      #.......     77%         3    ####...
 Dazzling Spray           Conj/Hex       #.....       77%         3    ####...
 Inner Flame              Hex/Fire       #.......     77%         3    ####...
 Tukima's Dance           Hex            #.......     77%         3    ####...
 Sticky Flame             Conj/Fire      #.......     99%         4    #####..
 Fireball                 Conj/Fire      #.........   100%        5    ######.


Dungeon Overview and Level Annotations

Branches:
Dungeon (9/15)             Temple (1/1) D:4
   Lair: D:8-11         Orc: D:9-12

Altars:
Ashenzari
Cheibriados
Dithmenos
Elyvilon
Fedhas
Gozag
Hepliaklqana
Kikubaaqudgha
Makhleb
Nemelex Xobeh
Okawaru
Qazlal
Ru
Sif Muna
Trog
Uskayaw
Vehumet
Wu Jian
Xom
Yredelemnul
Zin
The Shining One

Annotations:
D:3 3 runed doors, Calas's ghost, amateur DECj; MalarOregon's ghost, amateur MfGl; MordorOrchid's ghost, amateur DrEE; kirsanium's ghost, amateur OpWn; zkyp's ghost, amateur DrMo


Innate Abilities, Weirdness & Mutations

You are small and have problems with some larger weapons.
You are somewhat resistant to further mutation.


Message History

Press: ? - help, Shift-Dir - straight line, f/p - yak
Aim: a yak (almost dead, poisoned, umbra)
You shoot a poisoned needle. The poisoned needle hits the yak.
The yak looks as sick as possible!
The yak is almost dead.
You kill the yak!
Dithmenos accepts your kill.
Your Dodging skill increases to level 9!
The orc warrior hits you from afar with a +0 trident!
* * * LOW HITPOINT WARNING * * *
Firing (i - inventory. (/) - cycle)
e - 37 poisoned needles (quivered)
Press: ? - help, Shift-Dir - straight line, f - orc warrior
Aim: an orc warrior, wielding a +0 trident and wearing a +0 chain mail (lightly You shoot a poisoned needle.
The poisoned needle hits the orc warrior.
The orc warrior is poisoned.
The orc warrior is lightly wounded.
You feel agile all of a sudden.
The orc warrior hits you from afar with a +0 trident!
You die...

###..........#
#.#
#.>........#
#.#
#..........#
#(#
#..........#
#(# #####...#
#(# #...# #o#
#...# #o#
#...# #.#
####...# #@#
#?....(# #.#
##......# #.#
....._...###.#
.#...........#
##..........#
####.......#
..........#
###.......#


You could see an orc warrior and an orc.

Vanquished Creatures
  A hornet (D:7)
  3 yaks (D:9)
  A hungry ghost (D:9)
  A sky beast (D:5)
  3 ice beasts
  2 orc warriors (D:8)
  3 phantoms
  7 ogres
  2 centaurs (D:6)
  A gnoll sergeant (D:6)
  2 bullfrogs
  A wyvern skeleton (D:8)
  2 scorpions
  A water moccasin skeleton (D:8)
  A howler monkey (D:6)
  5 crimson imps
  A jelly (D:6)
  A bullfrog skeleton (D:7)
  An orc priest (D:8)
  3 hounds
  2 iguanas
  2 orc wizards (D:8)
  6 worker ants
  A killer bee zombie (D:6)
  A hound skeleton (D:8)
  A hound zombie (D:8)
  Robin (D:4)
  5 gnolls
  5 adders
  2 shadow imps
  An adder zombie (D:5)
  An adder skeleton (D:4)
  A worm (D:2)
  4 leopard geckos
  5 orcs
  A ball python (D:3)
  3 giant cockroaches
  9 goblins
  8 hobgoblins
  18 jackals
  4 quokkas
  5 bats
  8 frilled lizards
  4 kobolds
  A leopard gecko skeleton (D:9)
  10 rats
151 creatures vanquished.

Notes
Turn   | Place    | Note
-------+----------+-------------------------------------------
     0 | D:1      | Borgoz the Halfling Assassin began the quest for the Orb.
     0 | D:1      | Reached XP level 1. HP: 14/14 MP: 1/1
    65 | D:1      | Reached XP level 2. HP: 11/19 MP: 2/2
   302 | D:1      | Reached skill level 2 in Dodging
   302 | D:1      | Reached XP level 3. HP: 19/24 MP: 3/3
   781 | D:2      | Reached XP level 4. HP: 22/30 MP: 4/4
   989 | D:2      | You fall through a shaft for 2 floors!
   989 | D:4      | Found an opulent altar of Gozag.
   989 | D:4      | Found an iron altar of Okawaru.
   989 | D:4      | Found a radiant altar of Vehumet.
  1071 | D:4      | Found an ornate altar of the Wu Jian Council.
  1074 | D:4      | Found a shimmering altar of Xom.
  1079 | D:4      | Found a deep blue altar of Sif Muna.
  1102 | D:4      | Found a staircase to the Ecumenical Temple.
  1111 | Temple   | Entered the Ecumenical Temple
  1372 | D:4      | Noticed an ogre
  1417 | D:4      | Killed an ogre
  1417 | D:4      | Reached skill level 3 in Dodging
  1417 | D:4      | Reached skill level 5 in Stealth
  1417 | D:4      | Reached XP level 5. HP: 18/36 MP: 5/5
  1945 | D:3      | Found a basalt altar of Yredelemnul.
  2042 | D:2      | Reached XP level 6. HP: 22/42 MP: 6/6
  2335 | D:2      | Found a sparkling altar of Nemelex Xobeh.
  2664 | D:3      | Found a runed gate.
  2678 | D:3      | Found a runed gate.
  2679 | D:3      | Found a runed gate.
  2681 | D:3      | Noticed MalarOregon's ghost (amateur MfGl)
  2681 | D:3      | Noticed kirsanium's ghost (amateur OpWn)
  2698 | D:3      | Noticed Calas's ghost (amateur DECj)
  2700 | D:3      | Noticed MordorOrchid's ghost (amateur DrEE)
  2700 | D:3      | Noticed zkyp's ghost (amateur DrMo)
  2753 | D:3      | Found a white marble altar of Elyvilon.
  2902 | D:3      | Found a shadowy altar of Dithmenos.
  2909 | D:3      | Found a blossoming altar of Fedhas.
  2913 | D:3      | Became a worshipper of Dithmenos the Shadowed
  3347 | D:4      | Noticed Robin
  3366 | D:4      | Killed Robin
  3473 | D:5      | Entered Level 5 of the Dungeon
  3530 | D:5      | Noticed a sky beast
  3564 | D:5      | Killed a sky beast
  3564 | D:5      | Reached skill level 4 in Dodging
  3763 | D:6      | Reached XP level 7. HP: 41/47 MP: 7/7
  3997 | D:6      | Reached skill level 5 in Dodging
  4204 | D:6      | Reached XP level 8. HP: 40/54 MP: 8/8
  4762 | D:6      | Reached skill level 5 in Fighting
  4806 | D:6      | Reached * piety under Dithmenos
  4984 | D:5      | Reached skill level 5 in Short Blades
  5080 | D:5      | Reached skill level 6 in Dodging
  5951 | D:5      | Reached XP level 9. HP: 62/62 MP: 9/9
  6150 | D:7      | Noticed a hornet
  6162 | D:7      | Killed a hornet
  6162 | D:7      | Reached skill level 7 in Dodging
  6538 | D:7      | Found an ancient bone altar of Kikubaaqudgha.
  7758 | D:8      | Reached ** piety under Dithmenos
  7758 | D:8      | Reached skill level 8 in Dodging
  7855 | D:8      | Reached XP level 10. HP: 29/71 MP: 10/10
  8480 | D:9      | Found a blossoming altar of Fedhas.
  8575 | D:9      | HP: 2/71 [yak (9)]
  8667 | D:9      | Reached skill level 9 in Dodging
  8671 | D:9      | Mangled by an orc warrior

Vault maps used:
D:1:      dpeg_arrival_rooms_with_view
D:2:      nemelex_xobeh_ov_fountains_minmay
D:3:      kennysheep_ying_yang, minitemple, gammafunk_ghost_cemetery,
          first_ration, kennysheep_another_room
D:4:      grunt_temple_overflow_diamond, gammafunk_temple_overflow_claw,
          minmay_temple_entry_wispy, uniq_robin
D:7:      kiku_gazebo_pond_becter
D:8:      minmay_chambers_of_fours
D:9:      hiddenorc2_lemuel, basic_altar, uniq_erica
Temple:   cyrus_temple_forest

Skill      XL: |  1  2  3  4  5  6  7  8  9 10 |
---------------+-------------------------------+-----
Fighting       | 2 3 4 5 7 |  7.7
Dodging        | 2 3 4 5 6 8 9 |  9.1
Short Blades   | 3 4 5 6 7 |  7.2
Stealth        | 5 6 7 8 |  8.2
Throwing       | |  2.0

Action                   |  1- 3 |  4- 6 |  7- 9 | 10-12 || total
-------------------------+-------+-------+-------+-------++-------
Melee: Dagger            |   100 |    94 |   344 |    98 ||   636
       Short sword       |       |    59 |    61 |       ||   120
       Blowgun           |       |     1 |       |       ||     1
 Fire: Blowgun           |     3 |    21 |    53 |    13 ||    90
Throw: Tomahawk          |       |       |     1 |     1 ||     2
  Use: Potion            |       |     3 |     6 |     2 ||    11
       Scroll            |       |       |    15 |     1 ||    16
 Stab: Sleeping          |     8 |    10 |    11 |     3 ||    32
       Distracted        |       |       |     1 |       ||     1
  Eat: Ration            |       |     1 |     1 |       ||     2
       Chunk             |       |     5 |    10 |     3 ||    18
Armor: Robe              |    29 |    24 |    20 |     5 ||    78
Dodge: Dodged            |   121 |    85 |   318 |    81 ||   605
       Deflected         |       |     1 |       |       ||     1

Table legend:
 A = Non-vault XP
 B = Vault XP
 C = Vault XP percentage of total XP
 D = Non-vault monster count
 E = Vault monster count
 F = Vault count percentage of total count
                 A         B        C        D         E       F
            +---------+---------+-------+---------+---------+-------
      Total |    4894 |     228 |   4.5 |     136 |      15 |   9.9
            +---------+---------+-------+---------+---------+-------
        D:1 |      36 |       5 |  12.2 |      22 |       2 |   8.3
        D:2 |      54 |       0 |   0.0 |      18 |       0 |   0.0
        D:3 |      34 |       0 |   0.0 |      14 |       0 |   0.0
        D:4 |     166 |      29 |  14.9 |       6 |       8 |  57.1
        D:5 |     823 |       0 |   0.0 |      17 |       0 |   0.0
        D:6 |     903 |       0 |   0.0 |      21 |       0 |   0.0
        D:7 |     795 |       0 |   0.0 |      10 |       0 |   0.0
        D:8 |    1185 |     194 |  14.1 |      17 |       5 |  22.7
        D:9 |     898 |       0 |   0.0 |      11 |       0 |   0.0
            +---------+---------+-------+---------+---------+-------
